 Dungeon Crawl Stone Soup version 0.31-a0-236-g9a0961fb85 (webtiles) character file.

Game seed: 598337618728761090

142 qw the Shooter (level 5, -5/41 HPs)
             Began as a Minotaur Hexslinger on July 10, 2023.
             Engulfed by a steam dragon's steam (6 damage)
             ... on level 4 of the Dungeon.
             The game lasted 00:00:53 (1917 turns).

qw the Shooter (Minotaur Hexslinger)                Turns: 1917, Time: 00:00:53

Health: -5/41      AC:  7    Str: 13    XL:     5   Next: 4%
Magic:  5/5        EV: 11    Int: 10    God:
Gold:   161        SH:  5    Dex: 14    Spells: 5/6 levels left

rFire   . . .        Y - +1 sling
rCold   . . .        (no shield)
rNeg    . . .        n - +0 ring mail
rPois   .            k - +2 hat
rElec   .            (no cloak)
rCorr   .            (no gloves)
SInv    .            (no boots)
Will    .....        a - amulet of reflection
Stlth   +            (no ring)
HPRegen 0.26/turn    (no ring)
MPRegen 0.09/turn

%: reflection
@: no status effects
A: horns 2, retaliatory headbutt
a: no special abilities


You were on level 4 of the Dungeon.
You visited 1 branch of the dungeon, and saw 4 of its levels.

You collected 161 gold pieces.


Innate Abilities, Weirdness & Mutations

You have a pair of horns on your head.
You reflexively headbutt those who attack you in melee.


   Skills:
 + Level 2.0 Fighting
 - Level 5.4 Ranged Weapons
 - Level 1.0 Armour
 - Level 2.1 Dodging
 - Level 1.0 Spellcasting
 - Level 2.0 Hexes


You had 5 spell levels left.
You knew the following spells:

 Your Spells              Type           Power      Damage    Failure   Level
a - Slow                  Hex            16%        N/A       32%         1

Your spell library contained the following spells:

 Spells                   Type           Power      Damage    Failure   Level
 Inner Flame              Hex/Fire       2%         N/A       82%         3
 Portal Projectile        Hex/Tloc       4%         N/A       82%         3
 Cause Fear               Hex            2%         N/A       97%         4

Inventory:

Hand Weapons
 Y - a +1 sling (weapon)
Armour
 k - a +2 hat (worn)
 n - a +0 ring mail (worn)
Jewellery
 a - an amulet of reflection (around neck)
 l - a ring of fire
Scrolls
 b - a scroll of fear {unknown}
Potions
 d - a potion of heal wounds {unknown}
 e - a potion of resistance {unknown}
 g - a potion of might
 h - a potion of attraction {unknown}
 i - 3 potions of curing

Dungeon Overview and Level Annotations

Branches:
Dungeon (4/15)
 Temple: D:4-7

Altars:
Fedhas
Uskayaw
Vehumet


Message History

You hear the slow rusting of a drain nearby.
HP restored.
Found a short sword.
Found a stone staircase leading up.
You now have 161 gold pieces (gained 10).
Found 4 poisoned darts.
You see here 4 poisoned darts.
You hear the slow rusting of a distant drain.
You open the door.
Found a hide-covered altar of Uskayaw.
Enter note:
Enter note: A steam dragon comes into view.
Enter note:
Enter note: You shoot a sling bullet.
The steam dragon hisses angrily.
The sling bullet hits the steam dragon but does no damage.
You shoot a sling bullet.
The sling bullet barely misses the steam dragon.
The steam dragon breathes steam at you. The ball of steam hits you!!
1911 ||| Stepping ~*~*~tactically~*~*~ (cloud).
You start resting.
A steam dragon is nearby!
You shoot a sling bullet.
The sling bullet hits the steam dragon but does no damage.
You shoot a sling bullet. The sling bullet hits the steam dragon.
The steam dragon is lightly wounded.
The steam dragon breathes steam at you. The ball of steam hits you!
You shoot a sling bullet.
The sling bullet closely misses the steam dragon.
You are engulfed in a cloud of scalding steam.
The steam dragon misses you.
The steam dragon claws you but does no damage.
You shoot a sling bullet. The sling bullet hits the steam dragon.
The steam dragon is lightly wounded.
You are engulfed in a cloud of scalding steam.
You die...

.......'.........+..............<
#....###.........####...#.#######
.....# ##.......## ##...)# ######
##.....## ##.### # ##...## #.# ##
#+## #.# .## #. #.# #.# #..#####
#.# .## #...D@ยค# #.# ##
#...#'#.#####.# # .....
#.#.......# #####.####..
#.#.(###### .<.......#. #.#...#
#####.##.# #.##.#.# ...#.#.#
._.#.. # #..


You could see a steam dragon (catching breath).

Vanquished Creatures
  A bullfrog (D:4)
  An adder (D:2)
  An ufetubus (D:4)
  A worm (D:2)
  3 dart slugs
  An orc (D:3)
  8 endoplasms
  A giant cockroach (D:1)
  5 goblins
  8 hobgoblins
  A quokka (D:1)
  9 ball pythons
  5 bats
  2 frilled lizards (D:1)
  4 kobolds
  4 rats
55 creatures vanquished.

Notes
Turn   | Place    | Note
-------+----------+-------------------------------------------
     0 | D:1      | qw the Minotaur Hexslinger began the quest for the Orb.
     0 | D:1      | Reached XP level 1. HP: 16/16 MP: 1/1
     0 | D:1      | 0 ||| qw: Version: 0.3-a-52-g30416fa
     0 | D:1      | 0 ||| qw: Game counter: 4735
     0 | D:1      | 0 ||| qw: Melee chars always use a shield: true
     0 | D:1      | 0 ||| qw: God list: Okawaru
     0 | D:1      | 0 ||| qw: Allow faded altars: false
     0 | D:1      | 0 ||| qw: Do Orc after clearing Dungeon:15 true
     0 | D:1      | 0 ||| qw: Do second Lair branch before Depths: true
     0 | D:1      | 0 ||| qw: Lair rune preference: random
     0 | D:1      | 0 ||| qw: Goals: Normal
     0 | D:1      | 0 ||| PLANNING D:1-11
   140 | D:1      | Reached skill level 3 in Ranged Weapons
   140 | D:1      | Reached XP level 2. HP: 23/23 MP: 2/2
   383 | D:1      | Reached XP level 3. HP: 25/29 MP: 3/3
   485 | D:1      | 485 ||| READING scroll labelled RIBOTA BUAKHLI.
   489 | D:1      | 489 ||| DROPPING scroll of poison.
   633 | D:2      | Reached skill level 4 in Ranged Weapons
  1003 | D:2      | Found a blossoming altar of Fedhas.
  1273 | D:2      | 1273 ||| UPGRADING to amulet of reflection.
  1278 | D:2      | 1278 ||| READING scroll labelled TALEAS DEUPE.
  1379 | D:2      | 1379 ||| READING scroll labelled UPODUP MU XOE.
  1380 | D:2      | 1380 ||| READING scroll labelled HATUAREPYFE.
  1381 | D:2      | 1381 ||| READING scroll labelled YGOUGEDUDU.
  1518 | D:3      | Found a radiant altar of Vehumet.
  1569 | D:3      | Reached XP level 4. HP: 36/36 MP: 4/4
  1724 | D:3      | 1724 ||| UPGRADING to +2 hat.
  1729 | D:3      | 1729 ||| UPGRADING to +0 ring mail.
  1739 | D:3      | 1739 ||| DROPPING +0 robe.
  1740 | D:3      | 1740 ||| DROPPING ring of magical power.
  1741 | D:3      | 1741 ||| DROPPING ring of wizardry.
  1742 | D:3      | 1742 ||| READING 2 scrolls labelled JYLLIL YCYIF.
  1743 | D:3      | 1743 ||| DRINKING 2 emerald potions.
  1744 | D:3      | 1744 ||| DRINKING 2 sedimented green potions.
  1745 | D:3      | 1745 ||| DRINKING 4 black potions.
  1746 | D:3      | 1746 ||| DROPPING scroll of blinking.
  1747 | D:3      | 1747 ||| DROPPING potion of invisibility.
  1760 | D:4      | 1760 ||| PLANNING SEWER
  1811 | D:4      | Reached skill level 1 in Armour
  1839 | D:4      | Noticed a bullfrog
  1845 | D:4      | Killed a bullfrog
  1846 | D:4      | Reached skill level 5 in Ranged Weapons
  1846 | D:4      | Reached XP level 5. HP: 34/41 MP: 5/5
  1907 | D:4      | Found a hide-covered altar of Uskayaw.
  1908 | D:4      | Noticed a steam dragon
  1911 | D:4      | 1911 ||| Stepping ~*~*~tactically~*~*~ (cloud).
  1915 | D:4      | HP: 7/41 [steam dragon/ball of steam (16)]
  1916 | D:4      | HP: 1/41 [steam dragon] (6)]
  1917 | D:4      | Engulfed by a steam dragon's steam

Levels and vault maps discovered:
D:1:      lemuel_arrival_river_ford, layout_rooms
D:2:      layout_loops_ring, basic_altar, serial_forest,
          infiniplex_forest_straight_2, infiniplex_forest_lined_3_way,
          infiniplex_forest_straight_4, infiniplex_forest_straight_2,
          infiniplex_forest_clump_curved, item_on_display_a
D:3:      layout_basic, nicolae_vehumet_altar_sigil
D:4:      minmay_wonky_spiral, layout_loops_corners,
          mainiacjoe_overflow_surrounded_room, cheibrodos_sewer_entry_drain,
          uniq_pikel

Skill      XL: |  1  2  3  4 |
---------------+-------------+-----
Ranged Weapons | 3 4 5 |  5.4
Fighting       | 2 |  2.0
Armour         | 1 |  1.0
Dodging        | |  2.1
Spellcasting   | |  1.0
Hexes          | |  2.0

Action                     |  1- 3 |  4- 6 || total
---------------------------+-------+-------++-------
   Fire: Sling             |   137 |    26 ||   163
    Use: Scroll            |     5 |     1 ||     6
         Potion            |       |     3 ||     3
 Armour: Robe              |     5 |       ||     5
         Ring mail         |       |     5 ||     5
  Dodge: Dodged            |    37 |    11 ||    48
  Block: Other             |     2 |     3 ||     5

Table legend:
 A = Non-vault XP
 B = Vault XP
 C = Vault XP percentage of total XP
 D = Non-vault monster count
 E = Vault monster count
 F = Vault count percentage of total count
                 A         B        C        D         E       F
            +---------+---------+-------+---------+---------+-------
      Total |     204 |       0 |   0.0 |      55 |       0 |   0.0
            +---------+---------+-------+---------+---------+-------
        D:1 |      47 |       0 |   0.0 |      27 |       0 |   0.0
        D:2 |      36 |       0 |   0.0 |      14 |       0 |   0.0
        D:3 |      17 |       0 |   0.0 |       9 |       0 |   0.0
        D:4 |     104 |       0 |   0.0 |       5 |       0 |   0.0
            +---------+---------+-------+---------+---------+-------
